 Dungeon Crawl Stone Soup version 0.30-a0-930-gb9d0489357 (webtiles) character file.

Game seed: 11288489611183947242

420 vineage the Trooper (level 6, -1/40 HPs)
             Began as a Gargoyle Fighter on Mar 23, 2023.
             Was an Initiate of Okawaru.
             Slain by Pikel
             ... wielding a +1 whip of flaming
              (3 damage)
             ... on level 4 of the Dungeon.
             The game lasted 00:03:27 (2580 turns).

vineage the Trooper (Gargoyle Fighter)              Turns: 2580, Time: 00:03:28

Health: -1/40      AC: 16    Str: 22    XL:     6   Next: 94%
Magic:  6/6        EV:  7    Int:  8    God:    Okawaru [......]
Gold:   214        SH:  4    Dex:  9    Spells: 5/5 levels left

rFire   . . .      SeeInvis .    p - +0 morningstar
rCold   . . .      Faith    .    c - +0 buckler
rNeg    + . .      Spirit   .    n - +0 chain mail
rPois   ∞          Reflect  .    i - +0 helmet
rElec   +          Rampage  .    (no cloak)
rCorr   .                        (no gloves)
Will    .....                    f - +0 pair of boots Stlth
                                 e - amulet of the acrobat
HPRegen 0.26/turn                (no ring)
MPRegen 0.10/turn                (no ring)

@: no status effects
A: sickness immunity, AC +4, negative energy resistance 1, electricity
resistance, torment resistance 1, petrification resistance
a: Renounce Religion


You were on level 4 of the Dungeon.
You worshipped Okawaru.
Okawaru was noncommittal.
You visited 1 branch of the dungeon, and saw 4 of its levels.

You collected 214 gold pieces.

Inventory:

Hand Weapons
 a - a +0 flail of electrocution
 p - a +0 morningstar (weapon)
Armour
 b - a +0 scale mail
 c - a +0 buckler (worn)
 f - a +0 pair of boots (worn)
 i - a +0 helmet (worn)
 n - a +0 chain mail (worn)
Jewellery
 e - an amulet of the acrobat (around neck)
 j - an amulet of guardian spirit
Scrolls
 o - a scroll of enchant armour {unknown}
 q - a scroll of brand weapon
Potions
 g - a potion of brilliance
 h - 2 potions of curing
 k - a potion of degeneration {unknown}
 l - a potion of mutation {unknown}
 m - a potion of heal wounds {unknown}


   Skills:
 * Level 5.6 Fighting
 + Level 4.1 Maces & Flails
 + Level 4.4 Armour
 + Level 4.6 Shields


You had 5 spell levels left.
You didn't know any spells.
Your spell library contained the following spells:

 Spells                   Type           Power      Damage    Failure   Level
 Lesser Beckoning         Tloc           0%         N/A       100%        2
 Wereblood                Tmut           0%         N/A       100%        2
 Gell's Gravitas          Tloc           0%         N/A       100%        3
 Portal Projectile        Hex/Tloc       0%         N/A       100%        3
 Teleport Other           Tloc           0%         N/A       100%        3
 Leda's Liquefaction      Hex/Erth       0%         N/A       100%        4
 Sublimation of Blood     Necr           Unusable   N/A       N/A         2
 Call Canine Familiar     Summ           Unusable   N/A       N/A         3
 Summon Hydra             Summ           Unusable   N/A       N/A         7

Dungeon Overview and Level Annotations

Branches:
Dungeon (4/15)
 Temple: D:4-7

Altars:
Okawaru

Shops:
D:3 (

Annotations:
D:4 Pikel


Innate Abilities, Weirdness & Mutations

You are immune to sickness and miasma.
Your stone body is resilient. (AC +4)
You are immune to poison.
You resist negative energy. (rN+)
You are resistant to electric shocks. (rElec)
You are resistant to unholy torment.
You are immune to petrification.


Message History

Pikel burns you.
You hit Pikel but do no damage.
Pikel is heavily wounded.
Pikel hits you but does no damage.
You hit Pikel.
Pikel is severely wounded.
Pikel hits you but does no damage.
You hit Pikel but do no damage.
Pikel is severely wounded.
Pikel hits you but does no damage. Pikel barely misses you.
You hit Pikel.
Pikel is severely wounded.
Pikel hits you with a +1 whip of flaming.
Pikel burns you.
You hit Pikel.
Pikel is severely wounded.
Pikel hits you with a +1 whip of flaming.
Pikel burns you.
You barely miss Pikel.
Pikel is severely wounded.
You block Pikel's attack.
Pikel hits you with a +1 whip of flaming!
* * * LOW HITPOINT WARNING * * *
Pikel burns you.
* * * LOW HITPOINT WARNING * * *
You closely miss Pikel.
Pikel is severely wounded.
Pikel hits you but does no damage.
You barely miss Pikel.
Pikel is severely wounded.
Pikel barely misses you.
You barely miss Pikel.
Pikel is severely wounded.
You block Pikel's attack. Pikel barely misses you.
You barely miss Pikel.
Pikel is severely wounded.
Pikel hits you with a +1 whip of flaming!
* * * LOW HITPOINT WARNING * * *
Pikel burns you.
You die...

+...........#.
♣#..##...#.#..
#...........#
#.#....>..###
..#.#.....#
♣..#.#..#..##
...#..........
...
#.############.
#.555K@........
##5############
..K..K.........
...5.##.###....
5... #.# .. ...
#.# .. #.# .
#.# #.#


You could see Pikel and 4 lemures.

Vanquished Creatures
  Sigmund (D:2)
  A gnoll bouda (D:4)
  2 orc wizards (D:3)
  4 gnolls (D:4)
  7 adders
  3 worms (D:2)
  9 orcs
  6 endoplasms
  5 giant cockroaches
  4 goblins
  3 hobgoblins
  3 quokkas (D:1)
  6 ball pythons
  4 bats
  7 frilled lizards
  4 kobolds
  6 rats
75 creatures vanquished.

Notes
Turn   | Place    | Note
-------+----------+-------------------------------------------
     0 | D:1      | vineage the Gargoyle Fighter began the quest for the Orb.
     0 | D:1      | Reached XP level 1. HP: 14/14 MP: 1/1
   255 | D:1      | Reached XP level 2. HP: 19/19 MP: 2/2
   738 | D:1      | Reached XP level 3. HP: 24/24 MP: 3/3
  1047 | D:2      | Noticed Sigmund
  1061 | D:2      | Killed Sigmund
  1062 | D:2      | Reached skill level 4 in Fighting
  1062 | D:2      | Reached XP level 4. HP: 18/30 MP: 4/4
  1062 | D:2      | Reached XP level 5. HP: 21/34 MP: 5/5
  1520 | D:3      | Found Liwk's Antique Weapon Emporium.
  1599 | D:3      | Reached XP level 6. HP: 39/40 MP: 6/6
  1624 | D:3      | Found an iron altar of Okawaru.
  1655 | D:3      | Reached skill level 5 in Fighting
  1667 | D:3      | Became a worshipper of Warmaster Okawaru
  2542 | D:4      | Noticed Pikel
  2580 | D:4      | HP: 2/40 [Pikel/+1 whip of flaming (8)]
  2580 | D:4      | Slain by Pikel

Illustrated notes

Levels and vault maps discovered:
D:1:      wheals_arrival_linesprint, layout_basic
D:2:      layout_loops_cross, st_stairs_2, uniq_sigmund
D:3:      layout_basic, mainiacjoe_overflow_surrounded_room, serial_shops,
          nicolae_shop_stone, uniq_ijyb
D:4:      layout_basic, nicolae_ashenzari_panopticon,
          mainiacjoe_overflow_six_doors_small, uniq_pikel

Skill      XL: |  1  2  3  4  5  6 |
---------------+-------------------+-----
Fighting       | 4 5 |  5.6
Maces & Flails | 3 4 |  4.1
Armour         | 4 |  4.4
Shields        | 4 |  4.6

Action                     |  1- 3 |  4- 6 || total
---------------------------+-------+-------++-------
  Melee: Flail             |   154 |    48 ||   202
         Morningstar       |       |   101 ||   101
    Use: Scroll            |     5 |     2 ||     7
         Potion            |       |     1 ||     1
 Armour: Scale mail        |    97 |     9 ||   106
         Chain mail        |       |    94 ||    94
  Dodge: Dodged            |   101 |    72 ||   173
  Block: Buckler           |    39 |    43 ||    82

Table legend: (Time is in decaauts)
 A = Elapsed time spent in this place.
 B = Non-inter-level travel time spent in this place.
 C = Inter-level travel time spent in this place.
 D = Time resting spent in this place.
 E = Time spent auto-exploring this place.
 F = Levels seen in this place.
 G = Mean time per level.
                   A        B        C        D        E       F      G
               +--------+--------+--------+--------+--------+-----+--------+
         Total |   2674 |   2566 |    108 |      0 |   1916 |   4 |  668.5 |
       Dungeon |   2674 |   2566 |    108 |      0 |   1916 |   4 |  668.5 |
               +--------+--------+--------+--------+--------+-----+--------+

Top non-repeatable levels by time:
     D:1: 852 daAuts
     D:3: 839 daAuts
     D:2: 709 daAuts
     D:4: 273 daAuts
